 Dungeon Crawl Stone Soup version 0.32-a0-732-ga344392067 (webtiles) character file.

Game seed: 14191258478701019256

48 Bobbunny the Sneak (level 3, -5/18 HPs)
             Began as a Vine Stalker Enchanter on Mar 16, 2024.
             Killed from afar by Ijyb (11 damage)
             ... with a puff of flame
             ... on level 3 of the Dungeon.
             The game lasted 00:01:44 (2053 turns).

Bobbunny the Sneak (Vine Stalker Enchanter)         Turns: 2053, Time: 00:01:44

Health: -5/18      AC:  2    Str: 10    XL:     3   Next: 72%
Magic:  0/7        EV: 11    Int: 15    God:
Gold:   91         SH:  0    Dex: 16    Spells: 6/6 levels left

rFire   . . .        a - +1 dagger
rCold   . . .        (no shield)
rNeg    . . .        b - +0 robe
rPois   .            (no helmet)
rElec   .            (no cloak)
rCorr   .            (no gloves)
SInv    .            (no boots)
Will    .....        (no amulet)
Stlth   +++          (no ring)
HPRegen 1.03/turn    (no ring)
MPRegen 0.10/turn

%: guardian spirit
@: no status effects
A: fangs 2, regeneration 1, magic shield, antimagic bite, no potion heal 2
a: no special abilities


You were on level 3 of the Dungeon.
You visited 1 branch of the dungeon, and saw 3 of its levels.

You collected 91 gold pieces.

Inventory:

Hand Weapons
 a - a +1 dagger (weapon)
Missiles
 f - 5 poisoned darts
 k - 5 atropa-tipped darts (quivered)
 m - 5 boomerangs
Armour
 b - a +0 robe (worn)
 e - a +0 leather armour
Scrolls
 n - a scroll of fear {unknown}
Potions
 c - 3 potions of invisibility
 d - a potion of resistance {unknown}
 g - a potion of attraction {unknown}
 h - a potion of mutation {unknown}
 i - 2 potions of curing
 l - a potion of lignification {unknown}
 o - 3 potions of brilliance {unknown}


   Skills:
 + Level 1.0 Fighting
 + Level 1.9 Short Blades
 - Level 2.0 Dodging
 + Level 4.4 Stealth
 - Level 2.1 Spellcasting
 - Level 3.0 Hexes


You had 6 spell levels left.
You didn't know any spells.
Your spell library contained the following spells:

 Spells                   Type           Power      Damage    Failure   Level
 Ensorcelled Hibernation  Hex/Ice        12%        N/A       19%         2
 Confusing Touch          Hex            10%        N/A       19%         3
 Sigil of Binding         Hex            10%        N/A       19%         3
 Tukima's Dance           Hex            10%        N/A       19%         3
 Dazzling Flash           Conj/Hex       12%        N/A       34%         3
 Call Canine Familiar     Summ           1%         N/A       54%         3
 Dimensional Bullseye     Hex/Tloc       3%         N/A       75%         4


Dungeon Overview and Level Annotations

Branches:
Dungeon (3/15)

Altars:
Gozag
Sif Muna

Annotations:
D:3 Ijyb


Innate Abilities, Weirdness & Mutations

You have extremely sharp teeth.
Your natural rate of healing is unusually fast.
When hurt, damage is shared between your health and your magic reserves.
Your bite disrupts and absorbs the magic of your enemies.
Potions cannot restore your health.


Message History

No target in view!
You open the door.
There is an open door here.
You now have 84 gold pieces (gained 12).
As you open the door, it creaks loudly!
Found a hand axe.
There is an open door here.
Found a serpent talisman.
Found an opulent altar of Gozag.
Found a great mace.
c - 3 potions of invisibility (gained 1)
You now have 91 gold pieces (gained 7).
Found a leather armour.
No target in view!
Ijyb the Inquisitive comes into view.
She is wielding a +0 dagger and carrying a wand of flame.
Found a whip.
Ijyb is nearby!
Ijyb is nearby!
Ijyb zaps a wand.
The puff of flame hits you.
Ijyb zaps a wand.
The puff of flame hits you.
HP restored.
You start resting.
Ijyb is nearby!
Ijyb zaps a wand.
The puff of flame hits you!
You hit Ijyb but do no damage. You bite Ijyb, but do no damage.
Ijyb hits you with a +0 dagger.
You miss Ijyb. Ijyb hits you with a +0 dagger.
You hit Ijyb.
Ijyb is lightly wounded.
Ijyb hits you with a +0 dagger.
You hit Ijyb but do no damage. Your bite misses Ijyb.
Ijyb is lightly wounded.
Ijyb hits you with a +0 dagger.
* * * LOW HITPOINT WARNING * * *
You hit Ijyb but do no damage.
Ijyb is lightly wounded.
Ijyb zaps a wand.
The puff of flame hits you!
Ouch! That really hurt!
You die...
Ijyb screams, "Time for next experiment!"

#........# ..#
#..%.....# .. ..#
#........#..# #.#
#.###....#.# .#
#..........#
#........###
##........####
####.............
#.....###@.......
#.###.###g.......
##................
..........#########
..#.......#
#.......#####
##......##.. #
#.......#.# #.##
#.[.....#.##.....


You could see Ijyb.

Vanquished Creatures
  An adder (D:2)
  2 ribbon worms
  A dart slug (D:2)
  2 ball pythons
  7 bats
  An endoplasm (D:1)
  2 giant cockroaches
  A goblin (D:1)
  A hobgoblin (D:1)
  2 jackals (D:1)
  2 kobolds
  4 frilled lizards
  5 rats
31 creatures vanquished.

Notes
Turn   | Place    | Note
-------+----------+-------------------------------------------
     0 | D:1      | Bobbunny the Vine Stalker Enchanter began the quest for the
                  | Orb.
     0 | D:1      | Reached XP level 1. HP: 9/9 MP: 4/4
    30 | D:1      | Reached skill level 1 in Short Blades
   175 | D:1      | Reached XP level 2. HP: 9/13 MP: 1/6
   337 | D:1      | Reached skill level 4 in Stealth
  1038 | D:2      | Found a faded altar of an unknown god.
  1297 | D:2      | Reached XP level 3. HP: 17/17 MP: 7/7
  1710 | D:2      | Found a shimmering blue altar of Sif Muna.
  1883 | D:3      | Reached skill level 1 in Fighting
  2000 | D:3      | Found an opulent altar of Gozag.
  2030 | D:3      | Noticed Ijyb
  2053 | D:3      | Killed from afar by Ijyb

Illustrated notes

Levels and vault maps discovered:
D:1:      nzn_arrival_water_spiral, layout_basic, grunt_decor_one_mirror,
          hangedman_decor_opposing, chequers_serial_rivers_large_a,
          interstate_on_off
D:2:      layout_basic, basic_altar, chequers_ecumenical_altar_twisty,
          kennysheep_cluttered_room
D:3:      layout_basic, mainiacjoe_overflow_alcove_1, grunt_ministairs_7,
          uniq_ijyb

Skill      XL: |  1  2  3 |
---------------+----------+-----
Short Blades   | 1 |  1.9
Stealth        | 4 |  4.4
Dodging        | 2 |  2.0
Fighting       | 1 |  1.0
Spellcasting   | |  2.1
Hexes          | |  3.0

Action                     || total
---------------------------++-------
  Melee: Dagger            ||   106
         Bite              ||    24
    Use: Scroll            ||     2
   Stab: Sleeping          ||    12
 Armour: Robe              ||    69
  Dodge: Dodged            ||    65

Table legend: (Time is in decaauts)
 A = Elapsed time spent in this place.
 B = Non-inter-level travel time spent in this place.
 C = Inter-level travel time spent in this place.
 D = Time resting spent in this place.
 E = Time spent auto-exploring this place.
 F = Levels seen in this place.
 G = Mean time per level.
                   A        B        C        D        E       F      G
               +--------+--------+--------+--------+--------+-----+--------+
         Total |   2054 |   1985 |     69 |     90 |   1627 |   3 |  684.7 |
       Dungeon |   2054 |   1985 |     69 |     90 |   1627 |   3 |  684.7 |
               +--------+--------+--------+--------+--------+-----+--------+

Top non-repeatable levels by time:
     D:2: 966 daAuts
     D:1: 912 daAuts
     D:3: 174 daAuts
